 Dungeon Crawl Stone Soup version 0.29.1-4-g47bece8355 (webtiles) character file.

Game seed: 6955361846575035850

30646 fleris the Severer (level 13, -8/126 HPs)
             Began as a Minotaur Berserker on Dec 4, 2022.
             Was an Elder of Trog.
             Mangled by a redback (11 damage)
             ... on level 3 of the Lair of Beasts on Dec 5, 2022.
             The game lasted 02:47:15 (14231 turns).

fleris the Severer (Minotaur Berserker)            Turns: 14231, Time: 02:47:16

Health: -8/126     AC: 20    Str: 38    XL:     13   Next: 21%
Magic:  12/12      EV: 11    Int:  4    God:    Trog [****..]
Gold:   785        SH:  0    Dex: 11    Spells: 12/12 levels left

rFire   + . .      SeeInvis .   a - +6 executioner's axe (drain)
rCold   + . .      Faith    .   (shield currently unavailable)
rNeg    . . .      Spirit   .   l - +2 chain mail
rPois   +          Reflect  .   (helmet restricted)
rElec   +          Harm     .   r - +2 cloak
rCorr   +          Rampage  .   (no gloves)
Will    .....                   x - +1 pair of boots
Stlth   ..........              g - amulet of regeneration
HPRegen 1.11/turn               y - +6 ring of strength
MPRegen 0.13/turn               j - +6 ring of strength

@: lethally poisoned (-8 -> -28), resistant, spiked, on berserk cooldown
A: horns 2, retaliatory headbutt
a: Renounce Religion, Berserk, Trog's Hand, Brothers in Arms


You were on level 3 of the Lair of Beasts.
You worshipped Trog.
Trog was greatly pleased with you.
You visited 4 branches of the dungeon, and saw 15 of its levels.
You also visited: Ossuary.

You collected 785 gold pieces.

Inventory:

Hand Weapons
 a - a +6 executioner's axe of draining (weapon)
 n - a +3 hand axe
 q - a +1 halberd of venom
 B - a +2 vorpal mace
 L - a +2 vorpal mace
 M - a +2 battleaxe of freezing
 P - a +2 eveningstar of protection
 Q - a +3 battleaxe of draining
 S - a +1 hand axe of freezing
Missiles
 b - a throwing net
 e - 2 atropa-tipped darts
 h - 5 curare-tipped darts
 C - 43 poisoned darts (quivered)
Armour
 l - a +2 chain mail (worn)
 r - a +2 cloak (worn)
 x - a +1 pair of boots (worn)
Jewellery
 g - an amulet of regeneration (around neck)
 j - a +6 ring of strength (right hand)
 s - a ring of ice
 y - a +6 ring of strength (left hand)
 J - a ring of see invisible
 K - a ring of willpower
 N - an amulet of the acrobat
 R - the ring of Loenn {*Slow Str+6 Dex+7}
   (You took it off a tengu conjurer on level 10 of the Dungeon)

   [ring of strength]

   Str:       It affects your strength (+6).
   Dex:       It affects your dexterity (+7).
   *Slow:     It may slow you when you take damage.
 T - a ring of flight
Wands
 o - a wand of iceblast (7)
 z - a wand of quicksilver (3)
 G - a wand of flame (8)
 I - a wand of digging (8)
Scrolls
 d - a scroll of brand weapon
 u - 6 scrolls of teleportation
 D - 2 scrolls of magic mapping
 E - 2 scrolls of blinking
 F - a scroll of fear
 O - a scroll of identify
Potions
 c - 10 potions of curing
 f - 4 potions of flight
 i - 5 potions of haste
 k - 4 potions of might
 m - a potion of ambrosia
 p - a potion of resistance
 t - a potion of cancellation
 v - 2 potions of invisibility
 w - 2 potions of heal wounds
 A - a potion of magic
 H - a potion of berserk rage


   Skills:
 * Level 15.1 Fighting
 + Level 18.0 Axes
 + Level 3.4 Throwing
 + Level 12.5 Armour
 + Level 4.9 Dodging


You had 12 spell levels left.
You didn't know any spells.
Your spell library was empty.

Dungeon Overview and Level Annotations

Branches:
Dungeon (10/15)            Temple (1/1) D:5            Lair (3/5) D:10
  Swamp (0/4) Lair:3       Spider (1/4) Lair:3      Ossuary (visited)
    Orc: D:9-12

Altars:
Ashenzari
Cheibriados
Dithmenos
Elyvilon
Fedhas
Gozag
Hepliaklqana
Kikubaaqudgha
Makhleb
Nemelex Xobeh
Okawaru
Qazlal
Ru
Sif Muna
Trog
Uskayaw
Vehumet
Wu Jian
Xom
Yredelemnul
Zin
The Shining One

Shops:
D:2 [(   D:3 (   D:4 !

Portals:
Trove: D:10 (give +5 ice dragon scales)


Innate Abilities, Weirdness & Mutations

You have a pair of horns on your head.
You reflexively headbutt those who attack you in melee.


Message History

The jumping spider completely misses you.
You furiously retaliate!
You headbutt the jumping spider!
You kill the jumping spider!
Trog accepts your kill. The redback bites you!
The orb spider weaves a glowing orb of energy.
The redback bites you.
You are lethally poisoned!
The redback poisons you! The redback barely misses you.
An orb of destruction comes into view.
You can't go down here!
Unknown command.
The barbs in your skin will harm you if you move.
Continue?
* * * LOW HITPOINT WARNING * * *
You feel extremely sick. The redback bites you.
* * * LOW HITPOINT WARNING * * *
The redback barely misses you.
The barbed spikes dig painfully into your body as you move.
* * * LOW HITPOINT WARNING * * *
You climb upwards.
Welcome back to the Lair of Beasts!
* * * LOW HITPOINT WARNING * * *
You feel extremely sick.
There is a hole to the Spider Nest here.
You feel much better.
* * * LOW HITPOINT WARNING * * *
You feel extremely sick.
The redback bites you but does no damage.
The redback bites you!
* * * LOW HITPOINT WARNING * * *
The redback bites you but does no damage. x2
You feel better. The redback closely misses you. The redback bites you!
* * * LOW HITPOINT WARNING * * *
You are lethally poisoned!
The redback poisons you!
You feel protected.
* * * LOW HITPOINT WARNING * * *
You feel extremely sick. The redback bites you!
You die...

### ############# ####.#
#.##P#.#.##.##########...##
.............#...s##....##
#####........##s@..###..###
#.......[..#....^^#..#.#
#.<........##^..^.##...##
#####...#..#'####...^.###..#
#.P##.........#.##..^^.##..#
.......#......P..###^..†..##
.......#.........#####.....#
.......+......#...#.###...##
..............#.......#..#.#


You could see 2 redbacks.

Vanquished Creatures
  2 boulder beetles (Lair:3)
  A hydra (Lair:2)
  A two-headed ogre (D:10)
  A steelbarb worm (Spider:1)
  A bog body (Lair:3)
  A glowing orange brain (shapeshifter) (D:10)
  A lindwurm (Lair:3)
  3 wolf spiders
  2 cyclopes (D:10)
  4 elephants
  7 cane toads
  A gargoyle (D:10)
  4 black mambas
  Maggie (Lair:2)
  A komodo dragon (Lair:2)
  An unseen horror (D:8)
  A tengu conjurer (D:10)
  A meliai (D:10)
  A polar bear (Lair:3)
  A troll (D:10)
  3 hornets
  4 blink frogs
  2 shadows (D:10)
  2 culicivoras (Lair:3)
  A wraith (D:10)
  3 jumping spiders
  19 yaks
  A wyvern (D:9)
  2 basilisks
  4 redbacks (Spider:1)
  An acid dragon (D:10)
  6 water moccasins
  A sky beast (D:6)
  2 ice beasts
  An orc warrior (D:9)
  2 centaurs (D:10)
  2 ogres (D:6)
  9 wolves
  2 elf zombies (D:6)
  3 kobold brigands
  7 bullfrogs
  5 scorpions
  Blork the orc (D:4)
  An elf skeleton (D:6)
  A necrophage (D:6)
  14 wights
  14 killer bees
  An electric eel (Lair:3)
  2 howler monkeys
  A crimson imp (D:6)
  A hound (D:6)
  2 orc priests
  3 jellies
  Jessica (D:2)
  2 human skeletons (D:6)
  2 iguanas
  Natasha (thrice) (D:2)
  3 orc wizards
  A mummy (Ossuary)
  A gnoll (D:4)
  6 adders
  A white imp (D:4)
  An ufetubus (D:7)
  2 worms
  3 dart slugs
  19 orcs
  2 spectral bats (Ossuary)
  12 bats
  5 endoplasms
  5 goblins
  5 hobgoblins
  6 jackals (D:2)
  4 quokkas
  7 ball pythons
  4 frilled lizards
  12 gnoll zombies (Ossuary)
  2 goblin simulacra (Ossuary)
  6 goblin zombies (Ossuary)
  5 hobgoblin zombies (Ossuary)
  16 kobolds
  7 kobold simulacra (Ossuary)
  3 kobold zombies (Ossuary)
  An orc skeleton (D:6)
  4 orc zombies (Ossuary)
  11 rats
  3 rat simulacra (Ossuary)
  2 spectral goblins (Ossuary)
  2 spectral kobolds (Ossuary)
  4 spectral rats (Ossuary)
332 creatures vanquished.

Vanquished Creatures (collateral kills)
  A tengu warrior (D:9)
  Urug (D:10)
  Sonja (Lair:1)
  4 elephants (Lair:1)
  2 cane toads
  7 kobold demonologists
  3 wolves
  A phantom (D:6)
  6 kobold brigands
  2 goblins (D:10)
  4 kobolds (D:10)
32 creatures vanquished.

Vanquished Creatures (others)
  5 fungi
  18 plants
  5 withered plants (D:9)
28 creatures vanquished.

Grand Total: 392 creatures vanquished

Notes
Turn   | Place    | Note
-------+----------+-------------------------------------------
     0 | D:1      | fleris the Minotaur Berserker began the quest for the Orb.
     0 | D:1      | Reached XP level 1. HP: 19/19 MP: 0/0
   416 | D:1      | Reached XP level 2. HP: 27/27 MP: 1/1
   605 | D:1      | Reached skill level 4 in Axes
   741 | D:1      | Found a faded altar of an unknown god.
  1326 | D:2      | Found Filaep's Armour Shoppe.
  1428 | D:2      | Reached XP level 3. HP: 29/33 MP: 2/2
  1438 | D:2      | Reached ** piety under Trog
  1468 | D:2      | Found Foprueps's Weapon Shoppe.
  1468 | D:2      | Noticed Jessica
  1497 | D:2      | Killed Jessica
  1543 | D:2      | Identified a scroll of acquirement
  1543 | D:2      | Acquired a +3 executioner's axe of electrocution
  1644 | D:2      | Noticed Natasha
  1646 | D:2      | Killed Natasha
  1647 | D:2      | Reached XP level 4. HP: 41/41 MP: 3/3
  1908 | D:2      | Reached skill level 5 in Fighting
  2014 | D:2      | Noticed Natasha
  2017 | D:2      | Killed Natasha
  2018 | D:2      | Reached skill level 5 in Axes
  2018 | D:2      | Reached XP level 5. HP: 48/48 MP: 4/4
  2100 | D:2      | Noticed Natasha
  2109 | D:2      | Killed Natasha
  2378 | D:3      | Found Istroxaz's Antique Weapon Boutique.
  2555 | D:3      | Found a broken altar of Ashenzari.
  3015 | D:3      | Reached *** piety under Trog
  3469 | D:3      | Found a hazy altar of Hepliaklqana.
  3469 | D:3      | Found a basalt altar of Yredelemnul.
  3698 | D:4      | Found Komagayk's Distillery.
  3841 | D:4      | Found an iron altar of Okawaru.
  4083 | D:4      | Noticed Blork the orc
  4101 | D:4      | Killed Blork the orc
  4102 | D:4      | Reached XP level 6. HP: 27/56 MP: 5/5
  4625 | D:4      | Reached skill level 6 in Axes
  4822 | D:5      | Entered Level 5 of the Dungeon
  5013 | D:5      | Found a staircase to the Ecumenical Temple.
  5026 | Temple   | Entered the Ecumenical Temple
  5413 | D:5      | Reached skill level 7 in Axes
  5413 | D:5      | Reached XP level 7. HP: 62/62 MP: 6/6
  5485 | D:5      | Found a snail-covered altar of Cheibriados.
  5714 | D:5      | Found a glowing silver altar of Zin.
  5714 | D:5      | Noticed an angel
  5739 | D:5      | Reached skill level 5 in Armour
  5964 | D:6      | Found a shimmering altar of Xom.
  6008 | D:6      | Reached skill level 8 in Axes
  6127 | D:6      | Reached XP level 8. HP: 71/71 MP: 7/7
  6179 | D:6      | Reached skill level 9 in Axes
  6191 | D:6      | Found a sand-covered staircase.
  6203 | Ossuary  | Entered an ossuary
  6217 | Ossuary  | Reached **** piety under Trog
  6694 | D:6      | Reached ***** piety under Trog
  6741 | D:6      | Reached skill level 10 in Axes
  7031 | D:6      | Found a radiant altar of Vehumet.
  7032 | D:6      | Found a burning altar of Makhleb.
  7054 | D:6      | Found a bloodstained altar of Trog.
  7797 | D:8      | Reached XP level 9. HP: 61/82 MP: 6/8
  8430 | D:8      | Reached skill level 11 in Axes
  8848 | D:8      | Found the +7 Throatcutter {drain, coup de grace}
  8848 | D:8      | Noticed a kobold demonologist
  8848 | D:8      | Noticed a kobold demonologist
  8848 | D:8      | Noticed a kobold demonologist
  8848 | D:8      | Noticed a kobold demonologist
  8848 | D:8      | Noticed a kobold demonologist
  8848 | D:8      | Noticed a kobold demonologist
  8851 | D:8      | Killed a kobold demonologist
  8854 | D:8      | Killed a kobold demonologist
  8856 | D:8      | Reached skill level 1 in Throwing
  8856 | D:8      | Killed a kobold demonologist
  8858 | D:8      | Killed a kobold demonologist
  8859 | D:8      | Reached skill level 10 in Fighting
  8859 | D:8      | Reached skill level 12 in Axes
  8859 | D:8      | Reached XP level 10. HP: 93/93 MP: 9/9
  9203 | D:8      | Found a stormy altar of Qazlal.
  9332 | D:8      | Reached skill level 13 in Axes
  9711 | D:9      | Found a blossoming altar of Fedhas.
  9714 | D:9      | Found an ancient bone altar of Kikubaaqudgha.
 10026 | D:9      | Noticed a tengu warrior
 10033 | D:9      | Killed a tengu warrior
 10077 | D:9      | Reached XP level 11. HP: 80/102 MP: 10/10
 10087 | D:9      | Reached skill level 14 in Axes
 10456 | D:10     | Entered Level 10 of the Dungeon
 10487 | D:10     | Found a portal to a secret trove of treasure.
 10566 | D:10     | Noticed Urug
 10571 | D:10     | Killed Urug
 10664 | D:10     | Found a staircase to the Lair.
 10671 | D:10     | Noticed a two-headed ogre
 10686 | D:10     | Killed a two-headed ogre
 10712 | D:10     | Reached skill level 10 in Armour
 10715 | D:10     | Identified the ring of Loenn {*Slow Str+6 Dex+7}
 10731 | D:10     | Noticed a shining eye
 10731 | D:10     | Noticed a glowing orange brain
 10731 | D:10     | a shining eye changed into a glowing orange brain
 10744 | D:10     | Killed a glowing orange brain
 10828 | D:10     | Found a shadowy altar of Dithmenos.
 10919 | D:10     | Reached skill level 15 in Axes
 10948 | D:10     | Found a flagged portal.
 11065 | D:10     | Identified the +2 shortbow of Dissatisfaction {freeze,
                  | Dex+4 Stlth+}
 11065 | D:10     | Identified the amulet "Paulluy" {Acrobat rPois Int-3
                  | Stlth+}
 11436 | Lair:1   | Entered Level 1 of the Lair of Beasts
 11581 | Lair:1   | Noticed Sonja
 11591 | Lair:1   | Killed Sonja
 11597 | Lair:1   | Reached XP level 12. HP: 64/115 MP: 11/11
 11713 | Lair:1   | Identified the ring "Betifiec" {Ice *Slow rN+ rCorr}
 12191 | Lair:2   | Noticed Maggie
 12207 | Lair:2   | Killed Maggie
 12208 | Lair:2   | Reached skill level 16 in Axes
 12377 | Lair:2   | Noticed a four-headed hydra
 12386 | Lair:2   | Killed a six-headed hydra
 12513 | Lair:2   | You fall into a shaft and drop 1 floor!
 13129 | Lair:3   | Noticed a boulder beetle
 13135 | Lair:3   | Killed a boulder beetle
 13136 | Lair:3   | Reached skill level 17 in Axes
 13210 | Lair:3   | Noticed a boulder beetle
 13230 | Lair:3   | Killed a boulder beetle
 13531 | Lair:3   | Reached XP level 13. HP: 123/125 MP: 12/12
 13603 | Lair:3   | Found a staircase to the Swamp.
 14160 | Lair:3   | Found a hole to the Spider Nest.
 14176 | Spider:1 | Entered Level 1 of the Spider Nest
 14186 | Spider:1 | Reached skill level 15 in Fighting
 14187 | Spider:1 | Reached skill level 18 in Axes
 14228 | Lair:3   | HP: 1/126 [poisoned by a redback]
 14231 | Lair:3   | Mangled by a redback

Illustrated notes

Levels and vault maps discovered:
D:1:      scummos_arrival_simple_crosswalls, layout_loops_corners,
          shapermc_ecumenical_altar_rom_forum, chequers_decorated_corner
D:2:      minmay_inner_zag, layout_basic, serial_shops, shop_statue, shop,
          uniq_jessica, uniq_natasha
D:3:      layout_basic, mainiacjoe_overflow_cross_hatched,
          amethyst_overflow_temple_binary, serial_shops,
          nicolae_shop_temple_entry_statues_fountains, dk_noncrumbling_2,
          st_stairs_7, minmay_puff
D:4:      layout_gridville, okawaru_altar_gauntlet_db, serial_shops,
          nicolae_stop_n_shop_2, kennysheep_generic_room_4, uniq_blork_the_orc
D:5:      layout_basic, mainiacjoe_overflow_catwalk, zin_angel,
          minmay_temple_entry_grid
D:6:      nicolae_cairo_tiling_large_dashed, layout_basic,
          grunt_temple_overflow_lords_of_destruction, xom_teletrap_fun,
          kennysheep_little_box, nicolae_ossuary_entry_catacombs
D:7:      layout_loops_ring
D:8:      layout_basic, mainiacjoe_overflow_small_starburst,
          dilly_guarded_unrand_throatcut
D:9:      layout_irregular_city, grunt_temple_overflow_growth_and_decay
D:10:     minmay_the_grid_octo_triangle [minmay_the_grid_octo_odd_swirl,
          minmay_the_grid_octo_prize_ultimate_mussel_roller,
          minmay_the_grid_octo_fan_narrow], layout_irregular_city,
          mainiacjoe_overflow_alcove_2, lair_entry_dummy, enter_bailey_3,
          nicolae_trove_entry_free_sample, uniq_urug
Temple:   hellmonk_temple_flake
Lair:1:   layout_cellular_growth, uniq_sonja
Lair:2:   layout_cave_pods, lemuel_fruit_fields, lemuel_fruit_tree, uniq_maggie
Lair:3:   nzn_winding_woodlands_cross [nzn_winding_woodlands_5x15_concentric,
          nzn_winding_woodlands_5x15_sawtooth,
          nzn_winding_woodlands_5x15_crooked, nzn_winding_woodlands_5x15_pool,
          nzn_winding_woodlands_15x15_eel_pit], layout_chaotic_city,
          skrybe_swamp_entry_bodies, spider_nest_entry_funnel_web, minivault_24,
          serial_bayou_pond_e, beast_lair_carwin_11
Spider:1: layout_spider_delve, gammafunk_ghost_mausoleum

Skill      XL: |  1  2  3  4  5  6  7  8  9 10 11 12 13 |
---------------+----------------------------------------+-----
Fighting       | 4 5 6 8 10 11 13 14 15 | 15.1
Axes           | 4 5 7 8 10 12 13 15 17 18 | 18.0
Armour         | 3 4 5 6 8 9 11 12 | 12.5
Dodging        | 3 4 |  4.9
Throwing       | 1 2 3 |  3.4

Action                   |  1- 3 |  4- 6 |  7- 9 | 10-12 | 13-15 || total
-------------------------+-------+-------+-------+-------+-------++-------
Melee: Hand axe          |    66 |       |       |       |       ||    66
       Headbutt          |    11 |    15 |    36 |    41 |     5 ||   108
       Executioner's axe |     5 |   121 |   187 |   245 |    25 ||   583
Throw: Stone             |       |     3 |       |       |       ||     3
       Dart              |       |       |     4 |    22 |       ||    26
Invok: Brothers in Arms  |       |       |     2 |     8 |     1 ||    11
       Berserk           |       |       |     1 |     4 |     1 ||     6
  Use: Scroll            |     7 |    11 |     8 |     8 |     1 ||    35
       Potion            |       |       |       |     2 |     3 ||     5
Armor: Animal skin       |     4 |       |       |       |       ||     4
       Scale mail        |    23 |    10 |       |       |       ||    33
       Chain mail        |       |    63 |   107 |   170 |    22 ||   362
Dodge: Dodged            |    33 |    58 |   100 |   132 |    20 ||   343
